 Dungeon Crawl Stone Soup version 0.16.1-16-gc44b35d (webtiles) character file.

115 Huymann the Charmwright (level 4, 0/30 HPs)
             Began as a High Elf Skald on Apr 20, 2015.
             Slain by an orc
             ... wielding a +0 hand axe
              (4 damage)
             ... on level 2 of the Dungeon.
             The game lasted 00:14:40 (2432 turns).

Huymann the Charmwright (High Elf Skald)            Turns: 2432, Time: 00:14:42

Health: 0/30       AC:  7    Str: 11    XL:     4   Next: 68%
Magic:  6/12       EV: 12    Int: 17    God:
Gold:   100        SH:  0    Dex: 14    Spells: 3 memorised, 4 levels left

rFire  . . .     SeeInvis .     a - +0 short sword
rCold  . . .     Clarity  .     b - +1 leather armour
rNeg   . . .     SustAb   .     (no shield)
rPois  .         Gourm    .     (no helmet)
rElec  .         Spirit   .     s - +2 cloak
rCorr  .         Warding  .     (no gloves)
rMut   .         Stasis   .     (no boots)
MR     .....                    (no amulet)
Stlth  ++........               (no ring)
                                (no ring)

@: infused, very slightly contaminated, not resistant to hostile enchantments,
unstealthy
A: no striking features
a: no special abilities


You were on level 2 of the Dungeon.
You were not hungry.

You visited 1 branch of the dungeon, and saw 3 of its levels.

You collected 100 gold pieces.

Inventory:

Hand weapons
 a - a +0 short sword (weapon)
 h - a +0 dagger
 t - a +0 club
Missiles
 k - 26 poisoned needles
Armour
 b - a +1 leather armour (worn)
 g - a +0 cloak
 p - a +0 robe
 s - a +2 cloak (worn)
Jewellery
 f - an uncursed amulet of stasis
Scrolls
 j - 3 scrolls of recharging
Potions
 e - 2 potions of degeneration {unknown}
 i - a potion of might {unknown}
 l - a potion of agility {unknown}
 m - a potion of flight {unknown}
 n - a potion of curing {unknown}
 o - 2 potions of poison {unknown}
Books
 c - a book of Battle

   Spells                             Type                      Level
   a - Infusion                       Charms                       1
   b - Shroud of Golubria             Charms/Translocation         2
   c - Song of Slaying                Charms                       2
   d - Spectral Weapon                Hexes/Charms                 3
   e - Regeneration                   Charms/Necromancy            3
Comestibles
 d - 2 bread rations
 q - 4 chunks of flesh
 r - a meat ration


   Skills:
 * Level 2.4 Fighting
 + Level 2.6 Short Blades
 * Level 1.5 Armour
 * Level 2.8 Dodging
 * Level 1.2 Stealth
 * Level 3.3 Spellcasting
 + Level 4.0 Charms
 + Level 0.2 Translocations


You had 4 spell levels left.
You knew the following spells:

 Your Spells              Type           Power        Failure   Level  Hunger
a - Infusion              Chrm           ###...       6%          1    None
b - Song of Slaying       Chrm           ###.....     10%         2    ##.....
c - Shroud of Golubria    Chrm/Tloc      ##........   17%         2    ##.....


Dungeon Overview and Level Annotations

Branches:
Dungeon (3/15)

Altars:
Dithmenos
Makhleb


Message History

You kill the orc!
The orc wizard closely misses you. The orc barely misses you.
You barely miss the orc. The orc wizard hits you with a dagger.
The orc hits you but does no damage.
You closely miss the orc.
The orc wizard hits you but does no damage.
You hit the orc but do no damage.
The orc wizard gestures at you while chanting.
The magic dart hits you! The orc hits you with a hand axe.
* * * LOW HITPOINT WARNING * * *
You hit the orc.
The orc is moderately wounded.
The orc wizard barely misses you. The orc barely misses you.
You hit the orc.
The orc is almost dead.
The orc wizard casts a spell at you. The puff of flame hits you!
* * * LOW HITPOINT WARNING * * *
The orc hits you with a hand axe.
You die...

#.# #.##.# #.#
#.####.##.# ##.##
#.##......###...#
#.##.###..)......
#.##.# #...##...#
#.##.###..####..#
##)##......#####.#
#)o..<.......# #.#
#@o#######.#.# #..
#..# #.#.###..
#..# #......#)
#..# ###.#.##.
#..##### #..###.
#......# #.#.##.
#.####.#####.##.#.
#.#.....<.##.###.#
#.#.#####.##.#####


You could see an orc wizard and an orc.

Vanquished Creatures
  A hound (D:2)
  5 adders (D:2)
  A worm (D:2)
  2 giant geckos (D:2)
  An orc (D:2)
  5 bats
  2 giant cockroaches (D:2)
  8 goblins
  5 hobgoblins
  3 kobolds
  A ball python (D:1)
  4 giant newts
  3 rats (D:1)
41 creatures vanquished.

Vanquished Creatures (others)
  5 toadstools (D:1)
5 creatures vanquished.

Grand Total: 46 creatures vanquished

Notes
Turn   | Place    | Note
--------------------------------------------------------------
     0 | D:1      | Huymann, the High Elf Skald, began the quest for the Orb.
     0 | D:1      | Reached XP level 1. HP: 14/14 MP: 4/4
   476 | D:1      | Reached XP level 2. HP: 19/19 MP: 3/6
   547 | D:1      | Learned a level 2 spell: Song of Slaying
   632 | D:1      | Reached skill level 1 in Armour
  1034 | D:2      | Learned a level 2 spell: Shroud of Golubria
  1134 | D:2      | Reached XP level 3. HP: 24/24 MP: 8/8
  1191 | D:2      | Reached skill level 1 in Stealth
  1195 | D:2      | Found a burning altar of Makhleb.
  1346 | D:2      | Reached skill level 4 in Charms
  1441 | D:2      | Found a shadowy altar of Dithmenos.
  1460 | D:2      | Reached XP level 4. HP: 14/30 MP: 4/12
  2432 | D:2      | Slain by an orc

Action                   |  1- 3 |  4- 6 || total
-------------------------+-------+-------++-------
Melee: Short sword       |    88 |    66 ||   154
 Cast: Infusion          |    10 |     6 ||    16
       Song of Slaying   |     2 |     1 ||     3
       Shroud of Golubri |     2 |     3 ||     5
  Use: Scroll            |     4 |     1 ||     5
 Stab: Sleeping          |       |     1 ||     1
  Eat: Chunk             |     2 |     3 ||     5
